Map: Kairos Junction LE

Players

TiPtOP

  • Race: Terran Terran
  • League: Silver
  • Spawn Location: 5:00

senier - Winner!

  • Race: Protoss Protoss
  • League: Gold
  • Spawn Location: 11:00

VOD

Have the link to the VOD?

Description

Time

  • Played on: Aug. 18, 2019, 7:34 p.m.
  • Length: 18:15
Show
View Real Time Build Order
Export as new Build Order

TiPtOP Terran 

Build Orders: Mech 

Get SALT Encoding   

  12  0:01  SCV  
  13  0:13  SCV  
  14  0:18  Supply Depot  
  14  0:25  SCV  
  15  0:40  SCV  
  16  0:48  Barracks  
  16  0:53  Refinery  
  16  0:54  SCV  
  17  1:13  SCV  
  18  1:29  SCV  
  19  1:37  Marine  
  20  1:44  Command Center  
  20  1:45  Supply Depot  
  20  2:00  Orbital Command  
  20  2:14  Barracks Tech Lab  
  20  2:16  Factory  
  20  2:24  Refinery  
  20  2:29  SCV  
  21  2:37  Marine  
  21  2:53  SCV  
  22  3:01  Orbital Command  
  22  3:05  SCV  
  23  3:16  Bunker  
  23  3:19  Siege Tank  
  26  3:25  SCV  
  27  3:27  SCV  
  28  3:37  SCV  
  29  3:43  SCV  
  29  3:46  Supply Depot  
  30  3:49  SCV  
  30  3:52  Siege Tank  
  34  4:02  SCV  
  32  4:14  Engineering Bay  
  24  4:33  Siege Tank  
  27  4:57  Missile Turret  
  27  4:58  SCV  
  27  4:59  SCV  
  29  5:05  Siege Tank  
  32  5:10  SCV  
  33  5:14  Missile Turret  
  33  5:32  Factory  
  33  6:03  Armory  
  33  6:16  Supply Depot  
  33  6:26  Missile Turret, Factory Reactor  
  33  6:38  SCV  
  34  6:41  SCV  
  35  6:50  SCV  
  35  6:54  SCV  
  37  7:02  SCV  
  37  7:06  SCV  
  39  7:11  Missile Turret  
  39  7:14  SCV  
  40  7:17  Factory  
  40  7:20  Command Center  
  40  7:26  SCV x2  
  40  7:29  Supply Depot  
  42  7:33  Thor  
  48  7:38  SCV, Hellbat  
  51  7:50  Missile Turret  
  51  8:19  Factory Tech Lab  
  51  8:22  Thor  
  51  8:26  Hellbat x2  
  61  8:57  SCV x2  
  63  9:06  Refinery  
  63  9:08  Refinery  
  63  9:09  Thor x2, SCV x2  
  77  9:10  Hellbat x2  
  77  9:13  Terran Vehicle Weapons Level 1  
  81  9:21  SCV x2  
  81  9:23  Orbital Command  
  83  9:43  Supply Depot  
  83  9:44  Supply Depot x2  
  83  9:53  Supply Depot  
  83  9:58  Supply Depot  
  83  10:03  SCV  
  84  10:13  Thor x2  
  84  10:14  Armory, Hellbat x2  
  100  10:15  SCV  
  101  10:27  SCV  
  102  10:59  Thor x2  
  102  11:01  Hellbat x2  
  118  11:10  Supply Depot x2  
  118  11:11  Supply Depot  
  118  11:12  Supply Depot  
  118  11:15  Terran Vehicle And Ship Armor Level 1, Supply Depot  
  118  11:22  SCV  
  119  11:34  SCV  
  119  11:37  Missile Turret  
  120  11:40  SCV x2  
  120  11:44  Thor  
  120  11:45  Hellbat x2  
  120  11:46  SCV  
  133  11:52  SCV x2  
  135  11:59  SCV  
  136  12:04  SCV x2  
  136  12:07  Command Center  
  138  12:15  Factory  
  138  12:23  Refinery  
  138  12:24  Refinery  
  138  12:33  Supply Depot  
  138  12:35  SCV  
  138  12:36  SCV x2  
  141  12:37  Supply Depot  
  141  12:40  Thor x2  
  141  12:41  Hellbat  
  141  12:42  Hellbat  
  157  12:57  Supply Depot  
  157  13:23  Thor  
  139  13:46  Hellbat x3  
  139  13:48  Factory Reactor  
  145  13:52  Orbital Command  
  145  13:54  SCV  
  145  13:55  SCV x2  
  148  14:06  SCV  
  149  14:50  Thor x2  
  149  14:51  Hellbat  
  149  14:52  Hellbat x2  
  167  14:53  Terran Vehicle Weapons Level 2  
  167  14:54  Terran Vehicle And Ship Armor Level 2  
  167  14:55  Orbital Command  
  167  14:59  Hellbat  
  169  15:06  Command Center  
  169  15:13  Hellbat  
  171  15:26  Missile Turret, Refinery x2  
  171  15:28  SCV  
  172  15:33  Thor x2  
  190  15:35  Hellbat x2  
  190  15:36  Hellbat  
  190  15:40  SCV  
  191  15:52  Factory, SCV  
  191  15:54  Factory  
  192  16:06  Factory  
  192  16:09  Thor x6  
  192  16:16  Thor  
  165  16:33  Orbital Command  
  165  16:38  Factory  
  141  16:51  Factory  
  119  17:03  Hellbat x3  
  101  17:15  Hellbat x3  
  100  17:16  Hellbat  
  76  17:24  Hellbat x2  
  58  17:38  Factory Tech Lab x2  
  52  17:49  Factory Tech Lab  
  52  17:50  Factory Reactor  
Show
View Real Time Build Order
Export as new Build Order

senier Protoss - Winner!

Build Orders: Oracle Opening 

Get SALT Encoding   

  1  0:00  Probe  
  12  0:05  Probe  
  14  0:18  Pylon  
  14  0:22  Probe  
  15  0:36  Gateway  
  15  0:43  Pylon  
  15  0:47  Probe  
  16  0:52  Assimilator  
  16  0:59  Probe  
  16  1:01  Assimilator  
  17  1:07  Probe  
  18  1:30  Cybernetics Core  
  18  1:32  Probe  
  19  1:44  Probe  
  20  1:56  Probe  
  21  2:10  Stalker  
  21  2:11  Warp Gate  
  23  2:23  Stargate  
  23  2:46  Nexus  
  23  2:50  Probe  
  23  2:51  Pylon  
  23  2:58  Probe  
  24  2:59  Oracle  
  24  3:04  Stalker  
  30  3:21  Gateway  
  30  3:30  Shield Battery  
  30  3:39  Gateway  
  30  3:44  Sentry  
  32  3:51  Pylon  
  32  4:02  Forge  
  32  4:37  Probe  
  32  4:41  Probe  
  34  4:45  Probe  
  34  4:47  Protoss Ground Weapons Level 1  
  34  4:49  Probe  
  35  4:55  Zealot x2, Probe  
  35  4:56  Zealot  
  35  4:58  Probe  
  44  5:07  Probe  
  44  5:09  Pylon  
  44  5:11  Probe  
  44  5:12  Pylon  
  46  5:19  Probe  
  47  5:22  Probe, Pylon  
  48  5:29  Twilight Council  
  48  5:30  Probe x2  
  50  5:38  Probe x2  
  52  5:48  Probe  
  53  6:00  Probe  
  53  6:02  Assimilator  
  53  6:03  Assimilator  
  54  6:04  Pylon  
  54  6:05  Pylon  
  54  6:08  Pylon  
  54  6:12  Probe, Charge  
  55  6:19  Probe  
  55  6:20  Templar Archives  
  55  6:24  Probe, Dark Shrine  
  57  6:27  Probe  
  57  6:29  Gateway  
  57  6:32  Gateway  
  58  6:34  Gateway  
  58  6:37  Probe  
  59  6:40  Gateway  
  59  7:12  Psionic Storm  
  59  7:22  High Templar x2  
  61  7:23  High Templar  
  61  7:28  Zealot x2  
  69  7:34  Gateway  
  69  7:36  Gateway  
  69  7:37  Gateway  
  69  7:39  Gateway  
  69  7:45  Dark Templar x2  
  73  8:23  Dark Templar  
  73  8:24  Nexus, Dark Templar x3  
  73  8:26  Zealot x3  
  87  8:31  Pylon  
  87  8:44  Pylon  
  87  8:47  Assimilator  
  87  8:48  Assimilator  
  87  9:05  High Templar  
  87  9:06  High Templar x2  
  87  9:07  Zealot x2  
  87  9:08  Zealot x3  
  87  9:09  Zealot x3  
  109  9:21  Pylon  
  109  9:22  Pylon x2  
  109  9:25  Forge  
  109  9:30  Forge  
  109  9:33  Robotics Facility  
  109  9:39  Probe  
  109  9:44  Probe  
  110  9:47  Probe  
  110  9:51  Probe  
  110  9:52  Probe  
  112  9:56  Probe  
  112  9:59  Probe  
  115  10:01  Probe  
  117  10:08  Probe x2  
  117  10:13  Probe  
  120  10:20  Probe  
  120  10:21  Probe  
  122  10:25  Probe  
  123  10:33  Probe  
  124  10:45  Probe  
  125  10:50  Protoss Ground Weapons Level 2  
  125  10:51  Nexus  
  125  10:52  Protoss Ground Armor Level 1  
  125  10:54  Protoss Shields Level 1  
  125  11:08  Pylon  
  125  11:12  Assimilator  
  125  11:17  Assimilator  
  125  11:19  Zealot  
  125  11:20  Zealot x4  
  125  11:21  Zealot x2  
  125  11:22  Zealot x3  
  125  11:23  Zealot  
  147  11:31  Pylon  
  147  11:36  Probe  
  148  11:41  Probe  
  148  11:44  Probe  
  149  11:49  Probe  
  149  11:50  Probe  
  149  11:53  Probe  
  152  11:55  Photon Cannon  
  152  11:58  Probe  
  152  11:59  Probe  
  153  12:03  Probe  
  153  12:05  Probe  
  153  12:08  Probe  
  157  12:11  Probe x2  
  157  12:12  Immortal  
  163  12:17  Probe  
  163  12:20  Probe, Stargate x2  
  163  12:21  Probe, Stargate  
  166  12:23  Probe  
  166  12:24  Stargate  
  166  12:29  Stargate  
  168  12:30  Stargate  
  168  12:32  Probe, Fleet Beacon  
  168  12:33  Probe  
  168  12:36  Robotics Bay  
  170  12:45  Probe  
  170  12:49  Nexus  
  175  12:51  Immortal  
  175  13:03  Pylon  
  175  13:04  Pylon x2  
  100  13:38  Dark Templar x3  
  100  13:39  Dark Templar x3  
  100  13:40  Dark Templar x2  
  116  13:44  Zealot x3  
  122  13:52  Protoss Ground Weapons Level 3  
  122  13:53  Protoss Ground Armor Level 2  
  122  13:54  Assimilator, Protoss Shields Level 2  
  122  13:55  Assimilator  
  122  14:01  Shadow Stride  
  122  14:12  Dark Templar x2  
  122  14:13  Zealot x2, Dark Templar  
  122  14:14  Zealot x3  
  122  14:15  Zealot x3  
  144  14:23  Archon x3  
  144  14:30  Carrier x2  
  144  14:31  Carrier x2  
  144  14:36  Carrier  
  174  14:40  Sentry  
  174  14:42  High Templar x2  
  174  14:43  High Templar  
  182  14:47  Archon  
  182  14:49  High Templar  
  184  14:54  Archon  
  184  14:58  Zealot x2  
  184  14:59  Zealot x2  
  192  15:00  Zealot x2  
  196  15:21  Anion Pulse-Crystals  
  196  15:25  Cybernetics Core  
  196  15:27  Protoss Air Weapons Level 1  
  196  15:45  Immortal  
  190  16:34  Dark Templar x3  
  190  16:35  Dark Templar x2  
  136  17:28  Zealot  
  136  17:29  Zealot x3  
  144  17:30  Zealot x3  
  144  17:31  Zealot x3  
  144  17:32  Zealot  
Tags
 
Add a new tag
Caveats
  • Supply blocks, unpowered buildings, or Contaminate may cause inaccurate times.
  • Supply counts are checked every 10 seconds.